 Dungeon Crawl Stone Soup version 0.30.1-11-g7821555f0a (webtiles) character file.

Game seed: 3993303806455468829

301 andronian the Poker (level 6, -1/73 HPs)
             Began as a Merfolk Monk on Nov 25, 2023.
             Was a Believer of Okawaru.
             Slain by a scorpion (5 damage)
             ... on level 4 of the Dungeon.
             The game lasted 00:08:40 (2296 turns).

andronian the Poker (Merfolk Monk)                  Turns: 2296, Time: 00:08:41

Health: -1/73      AC: 23    Str: 13 (14) XL:     6   Next: 37%
Magic:  6/6        EV: -1    Int:  8 (9)  God:    Okawaru [**....]
Gold:   149        SH:  0    Dex: 13 (16) Spells: 4/5 levels left

rFire   . . .        a - +0 spear
rCold   . . .        d - orb {light}
rNeg    . . .        l - melded +0 ring mail
rPois   +            (helmet currently unavailable)
rElec   .            (cloak currently unavailable)
rCorr   .            (gloves currently unavailable)
SInv    .            (boots currently unavailable)
Will    .....        i - amulet of regeneration
Stlth   +            (no ring)
HPRegen 1.12/turn    (no ring)
MPRegen 0.10/turn

%: no passive effects
@: tree-form, glowing, constricted
A: stationary, stasis, torment immunity, boosted hp, (nimble swimmer 2),
(mertail)
a: Renounce Religion, Heroism


You were on level 4 of the Dungeon.
You worshipped Okawaru.
Okawaru was pleased with you.
You were a tree.
You visited 1 branch of the dungeon, and saw 5 of its levels.

You collected 149 gold pieces.

Inventory:

Hand Weapons
 a - a +0 spear (weapon)
 n - a +0 falchion
 v - a +0 halberd
Armour
 b - a +0 robe
 d - an orb of light (worn)
 l - a +0 ring mail (melded)
 u - a +0 scale mail
Jewellery
 i - an amulet of regeneration (around neck)
 s - a ring of poison resistance
Wands
 g - a wand of polymorph (9)
Scrolls
 e - 4 scrolls of identify {unknown}
 f - a scroll of enchant armour {unknown}
 m - 2 scrolls of magic mapping {unknown}
 o - a scroll of poison {unknown}
 q - 2 scrolls of teleportation {unknown}
 r - a scroll of immolation {unknown}
 t - a scroll of vulnerability {unknown}
Potions
 c - a potion of ambrosia
 h - 2 potions of curing
 j - a potion of degeneration
 k - a potion of lignification
 p - a potion of magic {unknown}


   Skills:
 - Level 4.4 Fighting
 - Level 6.4 Polearms
 + Level 2.8 Armour
 - Level 4.0 Dodging


You had 4 spell levels left.
You knew the following spells:

 Your Spells              Type           Power      Damage    Failure   Level
a - Slow                  Hex            0%         N/A       41%         1

Your spell library contained the following spells:

 Spells                   Type           Power      Damage    Failure   Level
 Sting                    Tmut/Pois      0%         1d3       41%         1
 Poisonous Vapours        Pois/Air       0%         N/A       54%         2
 Confusing Touch          Hex            0%         N/A       78%         3
 Ozocubu's Armour         Ice            0%         N/A       78%         3
 Portal Projectile        Hex/Tloc       0%         N/A       78%         3
 Vampiric Draining        Necr           0%         2d6       78%         3
 Olgreb's Toxic Radiance  Pois           0%         N/A       99%         4
 Blade Hands              Tmut           0%         N/A       100%        5
 Metabolic Englaciation   Hex/Ice        0%         N/A       100%        5
 Ozocubu's Refrigeration  Ice            0%         4d7       100%        7
 Summon Small Mammal      Summ           Unusable   N/A       N/A         1
 Call Canine Familiar     Summ           Unusable   N/A       N/A         3
 Summon Guardian Golem    Hex/Summ       Unusable   N/A       N/A         3
 Tukima's Dance           Hex            Unusable   N/A       N/A         3
 Simulacrum               Ice/Necr       Unusable   N/A       N/A         6

Dungeon Overview and Level Annotations

Branches:
Dungeon (5/15)
 Temple: D:4-7

Altars:
Okawaru
Qazlal
Ru
Trog


Innate Abilities, Weirdness & Mutations

You are a tree.
Your roots penetrate the ground, keeping you stationary.
You cannot be teleported.
You are immune to unholy pain and torment.
Your maximum health is greatly increased.
Your equipment is partially melded.
((You are very nimble when in or above water. (Stealth+, EV+, Speed+++)))
((Your lower body shifts to a powerful aquatic tail in water.))


Message History

The hound bites you but does no damage.
The scorpion stings you but does no damage.
The goblin hits you but does no damage. The endoplasm freezes you.
You are frozen.
* * * LOW HITPOINT WARNING * * *
The orc hits you but does no damage.
You hit the hound.
You kill the hound!
Okawaru accepts your kill.
The scorpion stings you but does no damage.
You hit the goblin.
You kill the goblin!
Okawaru accepts your kill.
The scorpion stings you but does no damage.
The orc hits you but does no damage.
The endoplasm hits you but does no damage.
You hit the orc.
The orc is almost dead.
The scorpion stings you.
* * * LOW HITPOINT WARNING * * *
The orc hits you but does no damage. The endoplasm freezes you.
You are frozen.
* * * LOW HITPOINT WARNING * * *
The endoplasm hits you but does no damage.
The orc hits you but does no damage.
You hit the orc.
You kill the orc!
Okawaru accepts your kill.
The scorpion stings you but does no damage.
The endoplasm hits you but does no damage.
The orc hits you with a +0 morningstar.
* * * LOW HITPOINT WARNING * * *
The endoplasm hits you but does no damage.
You hit the orc but do no damage.
The ball python bites you but does no damage.
The ball python grabs you. The ball python constricts you.
The scorpion stings you.
You die...

. .#### .
#...# ..
#...#
...###...#
#....g.#
#...sJo#
#...S♣.#
+##+##J#
.# .# ##


You could see a scorpion, an orc, 2 endoplasms, a hobgoblin and a ball python.

Vanquished Creatures
  A scorpion (D:5)
  A hound (D:4)
  Terence (D:2)
  An iguana (D:4)
  7 gnolls
  3 adders (D:3)
  2 dart slugs (D:2)
  3 orcs
  6 ball pythons
  6 endoplasms
  2 giant cockroaches
  6 goblins
  6 hobgoblins
  4 kobolds
  4 quokkas (D:3)
  4 bats
  3 frilled lizards
60 creatures vanquished.

Notes
Turn   | Place    | Note
-------+----------+-------------------------------------------
     0 | D:1      | andronian the Merfolk Monk began the quest for the Orb.
     0 | D:1      | Reached XP level 1. HP: 18/18 MP: 1/1
   114 | D:1      | Reached XP level 2. HP: 24/24 MP: 2/2
   147 | D:1      | You fall into a shaft and drop 1 floor!
   438 | D:2      | Reached skill level 5 in Polearms
   438 | D:2      | Reached XP level 3. HP: 30/30 MP: 3/3
   631 | D:2      | Noticed Terence
   657 | D:2      | Killed Terence
   958 | D:3      | Reached XP level 4. HP: 34/37 MP: 4/4
   981 | D:3      | Reached skill level 6 in Polearms
  1062 | D:3      | Found a bloodstained altar of Trog.
  1291 | D:3      | Reached XP level 5. HP: 43/43 MP: 5/5
  1504 | D:3      | Learned a level 1 spell: Slow
  1818 | D:4      | Found an iron altar of Okawaru.
  1832 | D:4      | Found a stormy altar of Qazlal.
  1835 | D:4      | Became a worshipper of Warmaster Okawaru
  1835 | D:4      | Reached * piety under Okawaru
  1835 | D:4      | Reached ** piety under Okawaru
  1954 | D:4      | Reached skill level 1 in Armour
  2075 | D:4      | Found a sacrificial altar of Ru.
  2205 | D:4      | Noticed an ogre
  2245 | D:5      | Entered Level 5 of the Dungeon
  2270 | D:5      | Reached XP level 6. HP: 14/49 MP: 6/6
  2294 | D:4      | HP: 3/73 [frozen (5)]
  2296 | D:4      | Slain by a scorpion

Illustrated notes

Levels and vault maps discovered:
D:1:      minmay_arrival_jagged, layout_basic,
          chequers_ecumenical_altar_simple_redux, chequers_serial_rivers_micro_c
D:2:      layout_loops_ring, hangedman_abyss_or_decor_lesser_grid, uniq_terence
D:3:      layout_loops_ring, trog_butcher_becter
D:4:      minmay_chambers_of_threes, layout_rooms,
          mainiacjoe_overflow_surrounded_room,
          mainiacjoe_overflow_catwalk_spiral, kennysheep_mini
D:5:      layout_cave_pools, serial_shops, nicolae_shop_crystal

Skill      XL: |  1  2  3  4  5 |
---------------+----------------+-----
Polearms       | 5 6 |  6.4
Fighting       | 4 |  4.4
Armour         | 2 |  2.8
Dodging        | |  4.0

Action                     |  1- 3 |  4- 6 || total
---------------------------+-------+-------++-------
  Melee: Spear             |    87 |   216 ||   303
   Cast: Slow              |       |     1 ||     1
    Use: Potion            |       |     4 ||     4
 Armour: Robe              |     7 |       ||     7
         Ring mail         |     1 |    43 ||    44
         Skin              |       |    53 ||    53
  Dodge: Dodged            |    39 |    85 ||   124
